 Dungeon Crawl Stone Soup version 0.19.1-1-g22dce08 (webtiles) character file.

2699 Gargoyl the Covered (level 9, -10/75 HPs)
             Began as a Ghoul Abyssal Knight on Jan 12, 2017.
             Was an Elder of Lugonu.
             Mangled by an ogre
             ... wielding a +0 giant spiked club
              (18 damage)
             ... on level 7 of the Dungeon.
             The game lasted 00:15:53 (5474 turns).

Gargoyl the Covered (Ghoul Abyssal Knight)          Turns: 5474, Time: 00:15:53

Health: -10/75     AC: 21    Str: 16      XL:     9   Next: 65%
Magic:  21/21      EV:  5    Int:  5 (7)  God:    Lugonu [****..]
Gold:   349        SH:  0    Dex: 10 (11) Spells: 0 memorised, 8 levels left

rFire  . . .     SeeInvis .     f - +3 scythe (slice)
rCold  + . .     Gourm    .     p - +2 plate armour {MR+}
rNeg   + + +     Faith    .     (shield currently unavailable)
rPois  ∞         Spirit   .     z - +0 helmet
rElec  .         Reflect  .     v - +1 cloak {MR+}
rCorr  +         Harm     .     s - +0 pair of gloves
MR     ++...                    r - +0 pair of boots
Stlth  ..........               (no amulet)
                                E - ring of resist corrosion
                                o - ring of magical power

@: rotting
A: rotting body, claws 1, carnivore 3, cold resistance 1, negative energy
resistance 3, slow regeneration 1, torment resistance, unbreathing
a: Depart the Abyss, Bend Space, Banish, Corrupt, Renounce Religion


You were on level 7 of the Dungeon.
You worshipped Lugonu.
Lugonu was greatly pleased with you.
You were not hungry.

You visited 1 branch of the dungeon, and saw 7 of its levels.
You visited the Abyss 1 time.

You collected 349 gold pieces.

Inventory:

Hand Weapons
 a - a +1 hand axe
 f - a +3 scythe of slicing (weapon)
 y - a +1 trident of protection
Missiles
 C - 2 tomahawks of returning (quivered)
Armour
 p - a +2 plate armour of magic resistance (worn)
 r - a +0 pair of boots (worn)
 s - a +0 pair of gloves (worn)
 v - a +1 cloak of magic resistance (worn)
 z - a +0 helmet (worn)
Jewellery
 o - a ring of magical power (left hand)
 E - a ring of resist corrosion (right hand)
Wands
 i - a wand of lightning (4/15)
 t - a wand of disintegration (6/24)
Scrolls
 b - 4 scrolls of remove curse
 g - 2 scrolls of magic mapping
 h - 4 scrolls of identify
 k - 2 scrolls of fog
 m - 3 scrolls of teleportation
Potions
 e - a potion of might
 j - a potion of curing
 l - 2 potions of brilliance
 u - 2 potions of haste
 w - a potion of resistance
 A - 3 potions of agility
Comestibles
 c - a meat ration
 d - 3 slices of pizza
 q - 2 chunks of flesh


   Skills:
 + Level 5.8 Fighting
 + Level 3.3(5.4) Axes
 + Level 6.7(7.1) Polearms
 * Level 6.8 Armour
 + Level 1.2 Dodging
 * Level 6.0 Invocations


You had 8 spell levels left.
You didn't know any spells.

Dungeon Overview and Level Annotations

Branches:
Dungeon (7/15)             Temple (0/1) D:4

Altars:
Gozag
Hepliaklqana
Okawaru
Ru
The Shining One


Innate Abilities, Weirdness & Mutations

Your body is rotting away.
You thrive on raw meat.
You are immune to poison.
You have sharp fingernails.
You are carnivorous and can eat meat at any time.
Your flesh is cold resistant. (rC+)
You are immune to negative energy. (rN+++)
You regenerate slowly when monsters are visible.
You are immune to unholy pain and torment.
You can survive without breathing.


Message History

The giant cockroach completely misses you.
Your plate armour prevents you from hitting the giant cockroach.
The giant cockroach bites you but does no damage.
The giant cockroach bites you.
You hit the giant cockroach.
You kill the giant cockroach!
Lugonu accepts your kill.
The ogre hits you with a giant spiked club!
You hit the ogre.
The ogre is moderately wounded.
The ogre hits you with a giant spiked club!!
* * * LOW HITPOINT WARNING * * *
You slash the ogre!
The ogre is heavily wounded.
The ogre hits you with a giant spiked club!
* * * LOW HITPOINT WARNING * * *
Eat one of 2 chunks of flesh? (ye/n/q)
You start eating one of the 2 chunks of flesh.
The ogre hits you with a giant spiked club!!
You die...

...##..........#
.####..[.......#
## #...(......# #
##...!......#
#...........#
##..........# #
###.......##
####...
###....####.....#
#.##...O@.# ###
#..>...####
...####..#####
........##
........#
........#
........#
........#
........#


You could see an ogre.

Vanquished Creatures
  Pikel (D:7)
  Grinder (D:6)
  Sigmund (D:4)
  A phantom (D:6)
  A slave (D:7)
  A centaur (D:6)
  6 ogres
  A bullfrog (D:7)
  4 scorpions
  A howler monkey (D:6)
  A crimson imp (D:6)
  A bullfrog zombie (D:5)
  3 hounds
  Crazy Yiuf (D:3)
  A centaur skeleton (D:4)
  A jelly (D:6)
  3 bullfrog skeletons
  Natasha (twice) (D:4 D:7)
  4 orc wizards
  6 worker ants
  A hound skeleton (D:6)
  Robin (D:4)
  A howler monkey zombie (D:6)
  A worker ant zombie (D:7)
  7 gnolls (D:6)
  6 adders
  2 adder skeletons (D:4)
  4 worms
  4 dart slugs
  13 orcs
  5 bats
  9 giant cockroaches
  12 goblins
  11 hobgoblins
  16 jackals
  8 kobolds
  5 quokkas
  3 frilled lizards
  A jackal zombie (D:6)
  A quokka skeleton (D:4)
  11 rats
163 creatures vanquished.

Notes
Turn   | Place    | Note
-------+----------+-------------------------------------------
     0 | Abyss:1  | Gargoyl the Ghoul Abyssal Knight began the quest for the Orb.
     0 | Abyss:1  | Reached XP level 1. HP: 19/19 MP: 1/1
    62 | Abyss:2  | Noticed a starcursed mass
    66 | Abyss:2  | Noticed a smoke demon
    67 | D:1      | Escaped the Abyss
   115 | D:1      | Reached * piety under Lugonu
   187 | D:1      | Reached XP level 2. HP: 26/26 MP: 2/2
   456 | D:1      | Reached skill level 1 in Dodging
   603 | D:1      | Reached XP level 3. HP: 33/33 MP: 3/3
  1265 | D:2      | Reached ** piety under Lugonu
  1265 | D:2      | Reached XP level 4. HP: 40/40 MP: 4/4
  1952 | D:3      | Noticed an ogre
  1955 | D:3      | Killed an ogre
  1955 | D:3      | Reached XP level 5. HP: 20/46 MP: 6/6
  1983 | D:3      | Found an iron altar of Okawaru.
  2163 | D:3      | Found a runed door.
  2167 | D:3      | Noticed Crazy Yiuf
  2174 | D:3      | Killed Crazy Yiuf
  2295 | D:3      | Reached XP level 6. HP: 52/52 MP: 7/7
  2315 | D:3      | Reached skill level 1 in Polearms
  2745 | D:3      | Found a glowing golden altar of the Shining One.
  2801 | D:4      | Found a staircase to the Ecumenical Temple.
  2870 | D:4      | Reached XP level 7. HP: 59/60 MP: 8/8
  2884 | D:4      | Noticed Natasha
  2900 | D:4      | Killed Natasha
  2992 | D:4      | Reached *** piety under Lugonu
  3269 | D:4      | Noticed Sigmund
  3280 | D:4      | Killed Sigmund
  3280 | D:4      | Reached skill level 5 in Fighting
  3280 | D:4      | Reached XP level 8. HP: 63/68 MP: 10/10
  3359 | D:4      | Noticed Robin
  3382 | D:4      | Killed Robin
  3670 | D:5      | Entered Level 5 of the Dungeon
  3721 | D:5      | Reached skill level 5 in Armour
  4526 | D:6      | Noticed Grinder
  4531 | D:6      | Paralysed by Grinder for 6 turns
  4558 | D:6      | Killed Grinder
  4558 | D:6      | Reached skill level 5 in Polearms
  4558 | D:6      | Reached skill level 5 in Invocations
  4581 | D:6      | Reached **** piety under Lugonu
  4614 | D:6      | Found an opulent altar of Gozag.
  4638 | D:6      | Reached XP level 9. HP: 39/74 MP: 11/11
  5333 | D:7      | Found a sacrificial altar of Ru.
  5336 | D:7      | Found a hazy altar of Hepliaklqana.
  5371 | D:7      | Noticed Pikel
  5378 | D:7      | Killed Pikel
  5405 | D:7      | Noticed Natasha
  5411 | D:7      | Killed Natasha
  5474 | D:7      | Mangled by an ogre

Skill      XL: |  1  2  3  4  5  6  7  8  9 |
---------------+----------------------------+-----
Armour         | 2 3 4 6 |  6.8
Axes           | 2 3 |  3.3
Dodging        | 1 |  1.2
Fighting       | 4 5 |  5.8
Invocations    | 3 4 5 6 |  6.0
Polearms       | 2 3 5 6 |  6.7

Action                   |  1- 3 |  4- 6 |  7- 9 || total
-------------------------+-------+-------+-------++-------
Melee: Hand axe          |   138 |    70 |       ||   208
       Scythe            |       |   103 |   375 ||   478
Throw: Tomahawk          |       |       |     1 ||     1
Invok: Depart the Abyss  |     1 |       |       ||     1
  Use: Scroll            |     1 |     2 |     9 ||    12
       Potion            |       |     2 |     9 ||    11
  Eat: Chunk             |    10 |    20 |    45 ||    75
       Meat ration       |       |       |     1 ||     1
Armor: Plate armour      |   107 |   167 |   523 ||   797
Dodge: Dodged            |    39 |    61 |   197 ||   297
